nnlsadkbs, neutral female scurrid Tourist ---------- ......M@.| |........| -----.---- nnlsadkbs the Rambler Experience level: 1 Strength: 10 Dexterity: 13 Constitution: 14 Intelligence: 16 Wisdom: 8 Charisma: 14 Health: 0(9) Energy: 2(2) Def: 0 Gold: 983 Moves: 94 Dungeon seed: Dq12k1VOhlikYHvI Game ID: nnlsadkbs_1528521865 Your Inventory: Coins $ - 983 gold pieces Weapons a - 47 uncursed +2 darts (in quiver) Armor e - a blessed +0 Hawaiian shirt (being worn) Comestibles b - an uncursed tin of jackal meat c - 7 uncursed food rations d - an uncursed egg f - an uncursed tin of newt meat g - an uncursed carrot Scrolls i - 3 uncursed scrolls of magic mapping j - a blessed scroll of magic mapping Potions h - 2 uncursed potions of extra healing Wands m - an uncursed wand of secret door detection (0:11) Tools k - an uncursed expensive camera (0:43) l - an uncursed credit card n - an uncursed towel Spells and supernatural/magical abilities: Name Level Category Fail Memory W - pray for help -- divine ? -- Your skills at the end: Miscellaneous Skills wands [Basic] Weapon Skills dart [Basic] Spellcasting Skills Final Attributes: You were devoutly aligned. You had infravision. You were very stealthy. You are dead. Vanquished creatures: 2 hill orcs a hobbit 3 creatures vanquished. Voluntary challenges: You went without food. You did not adorn yourself with jewelry or accessories. You did not cause conflict. You were not invisible. You did not have reflection. You were not displaced. You were an atheist. You never hit with a wielded weapon. You did not use tools. You did not use plumbed fixtures. You did not drink any magical draughts. You were illiterate. You never genocided any monsters. You never polymorphed an object. You never changed form. You used no wishes. You never split a pudding. You never wrote Elbereth's name. You never violated your personal moral code. Dungeon overview: The Dungeons of Doom: levels 1 to 14 Level 1 a long staircase Level 2 Level 3 a sink Level 4 Level 5 Level 6 Level 7 Level 8 Level 9 Level 10 a sink Level 11 Level 12 Level 13 Level 14 <- You were here History has recorded: On T:1 you entered the Dungeons of Doom to retrieve the Amulet of Yendor! On T:8 you reached level 2 of The Dungeons of Doom. On T:14 you reached level 3 of The Dungeons of Doom. On T:20 you reached level 4 of The Dungeons of Doom. On T:26 you reached level 5 of The Dungeons of Doom. On T:33 you reached level 6 of The Dungeons of Doom. On T:39 you reached level 7 of The Dungeons of Doom. On T:45 you reached level 8 of The Dungeons of Doom. On T:61 you reached level 9 of The Dungeons of Doom. On T:67 you reached level 10 of The Dungeons of Doom. On T:73 you reached level 11 of The Dungeons of Doom. On T:79 you reached level 12 of The Dungeons of Doom. On T:85 you reached level 13 of The Dungeons of Doom. On T:91 you reached level 14 of The Dungeons of Doom. Score breakdown: Gold: 0 ( 0 points) Experience: 1 level ( 0 points) Exploration: 14 levels ( 390 points) Discoveries: 0 items ( 0 points) Variety of kills: 2 monsters ( 100 points) Major goal: (nothing yet) ( 0 points) Survival: died (score multiplied by 3) Total score: 1470 Latest messages: You dig a pit in the floor. You continue digging downward. (6x) You dig a hole through the floor. You fall through... You start digging downward. You continue digging downward. You dig a pit in the floor. You continue digging downward. (6x) You dig a hole through the floor. You fall through... You start digging downward. You continue digging downward. You dig a pit in the floor. You continue digging downward. (6x) You dig a hole through the floor. You fall through... You start digging downward. You continue digging downward. You dig a pit in the floor. You continue digging downward. (2x) The human mummy scratches you! (2x) You die... Final status: Aloha nnlsadkbs the Tourist, killed by a human mummy... You died in The Dungeons of Doom on dungeon level 14 with 1470 points, and 983 pieces of gold, after 94 moves. You were level 1 with a maximum of 9 hit points when you died.